 Dungeon Crawl Stone Soup version 0.30-a0-913-g9934a0ce24 (webtiles) character file.

Game seed: 11005896337145635343

238 Zonian the Ruffian (level 6, 0/32 HPs)
             Began as a Vine Stalker Gladiator on Mar 19, 2023.
             Slain by Pikel
             ... wielding a +2 whip of freezing
              (3 damage)
             ... on level 4 of the Dungeon.
             The game lasted 00:07:32 (2742 turns).

Zonian the Ruffian (Vine Stalker Gladiator)         Turns: 2742, Time: 00:07:32

Health: 0/32       AC:  5    Str: 18    XL:     6   Next: 7%
Magic:  0/7        EV: 17    Int:  8    God:
Gold:   93         SH:  5    Dex: 16    Spells: 5/5 levels left

rFire   . . .      SeeInvis .      - Unarmed
rCold   . . .      Faith    .    p - +2 buckler
rNeg    . . .      Spirit   +    a - +0 leather armour
rPois   .          Reflect  .    b - +1 helmet
rElec   .          Rampage  .    (no cloak)
rCorr   .                        (no gloves)
Will    .....                    (no boots)
Stlth   ++                       l - amulet of magic regeneration
HPRegen 1.05/turn                s - +5 ring of evasion
MPRegen 0.50/turn                (no ring)

@: no status effects
A: fangs 2, regeneration 1, magic shield, antimagic bite, no potion heal 2
a: no special abilities


You were on level 4 of the Dungeon.
You visited 1 branch of the dungeon, and saw 4 of its levels.

You collected 93 gold pieces.

Inventory:

Missiles
 d - a javelin
 e - 6 poisoned darts
 h - 4 boomerangs (quivered)
Armour
 a - a +0 leather armour (worn)
 b - a +1 helmet (worn)
 p - a +2 buckler (worn)
Jewellery
 l - an amulet of magic regeneration (around neck)
 s - a +5 ring of evasion (left hand)
Scrolls
 g - 2 scrolls of poison
 j - 2 scrolls of fog
 m - 4 scrolls of teleportation
Potions
 i - a potion of attraction
 k - a potion of invisibility
 n - 2 potions of cancellation
 o - a potion of flight
 q - a potion of haste
 r - a potion of heal wounds


   Skills:
 + Level 3.4 Fighting
 - Level 1.8 Throwing
 - Level 2.4 Dodging
 + Level 4.0 Stealth
 + Level 4.4 Unarmed Combat


You had 5 spell levels left.
You didn't know any spells.
Your spell library contained the following spells:

 Spells                   Type           Power      Damage    Failure   Level
 Apportation              Tloc           0%         N/A       58%         1
 Scorch                   Fire           0%         2d5       73%         2
 Flame Wave               Conj/Fire      0%         2d4       100%        4
 Alistair's Intoxication  Tmut/Pois      0%         N/A       100%        5
 Summon Cactus Giant      Summ           0%         N/A       100%        6


Dungeon Overview and Level Annotations

Branches:
Dungeon (4/15)
 Temple: D:4-7

Altars:

Shops:
D:1 ?

Annotations:
D:4 Pikel


Innate Abilities, Weirdness & Mutations

You have extremely sharp teeth.
Your natural rate of healing is unusually fast.
When hurt, damage is shared between your health and your magic reserves.
Your bite disrupts and absorbs the magic of your enemies.
Potions cannot restore your health.


Message History

Pikel is severely wounded.
Pikel hits you with a +2 whip of freezing.
Pikel freezes you.
You hit Pikel. You bite Pikel. You drain his power.
Pikel is severely wounded.
You closely miss Pikel.
Pikel is severely wounded.
Pikel hits you with a +2 whip of freezing.
Pikel freezes you.
You barely miss Pikel. You bite Pikel, but do no damage.
Pikel is severely wounded.
You block Pikel's attack.
You barely miss Pikel.
Pikel is severely wounded.
Pikel misses you.
You hit Pikel but do no damage. Your bite misses Pikel.
Pikel is severely wounded.
Pikel hits you but does no damage.
You barely miss Pikel.
Pikel is severely wounded.
Pikel hits you with a +2 whip of freezing!
Pikel freezes you.
You hit Pikel but do no damage. Your bite misses Pikel.
Pikel is severely wounded.
Pikel closely misses you.
Pikel hits you with a +2 whip of freezing.
* * * LOW HITPOINT WARNING * * *
Pikel freezes you.
* * * LOW HITPOINT WARNING * * *
You hit Pikel.
Pikel is severely wounded.
Pikel hits you with a +2 whip of freezing.
Pikel freezes you.
* * * LOW HITPOINT WARNING * * *
You completely miss Pikel. Your bite misses Pikel.
Pikel is severely wounded.
Pikel hits you with a +2 whip of freezing.
* * * LOW HITPOINT WARNING * * *
Pikel freezes you.
You die...

#. #..##
#.##.# #.
##..##
#.##.# #.
##..###
#.##.# #.
##...####
#.##.#
###....##
#.....
####..#
####..
##.### #.#
#...# ##'#
###@# #...
#K#######
#...
#55.....#
#...
#l......#
#...
#.......#
##'#
#.......#
#.#
#.......####
#.#
####....)..#
#.#
#.......#
#.#


You could see Pikel, 2 lemures and an iguana.

Vanquished Creatures
  A lemure (D:4)
  A hound (D:4)
  An orc priest (D:4)
  A sleepcap (D:4)
  5 adders
  A gnoll (D:2)
  2 worms (D:2)
  3 dart slugs (D:3)
  2 orcs (D:4)
  10 ball pythons
  5 bats
  5 endoplasms
  5 giant cockroaches
  6 goblins
  5 hobgoblins
  9 jackals
  9 kobolds
  A quokka (D:1)
  2 frilled lizards (D:2)
  7 rats
81 creatures vanquished.

Notes
Turn   | Place    | Note
-------+----------+-------------------------------------------
     0 | D:1      | Zonian the Vine Stalker Gladiator began the quest for the
                  | Orb.
     0 | D:1      | Reached XP level 1. HP: 11/11 MP: 2/2
   134 | D:1      | Found Amnequysch's Magic Scroll Shoppe.
   209 | D:1      | Found a faded altar of an unknown god.
   262 | D:1      | Reached XP level 2. HP: 14/15 MP: 3/3
   315 | D:1      | Reached skill level 1 in Stealth
   546 | D:1      | Reached XP level 3. HP: 17/18 MP: 4/4
   999 | D:2      | Gained mutation: Your natural rate of healing is unusually
                  | fast. [Vine Stalker growth]
   999 | D:2      | Reached XP level 4. HP: 16/23 MP: 5/5
  1145 | D:2      | Identified the +7 mace "Orb Guardian's Regret" {elec, rC+
                  | rN++ rCorr Dex-5}
  1178 | D:2      | You fall into a shaft and drop 1 floor!
  1632 | D:3      | Reached XP level 5. HP: 28/28 MP: 6/6
  2274 | D:4      | Reached XP level 6. HP: 19/32 MP: 7/7
  2537 | D:4      | Noticed Pikel
  2742 | D:4      | Slain by Pikel

Illustrated notes

Levels and vault maps discovered:
D:1:      spicycebolla_arrival_clurvy, layout_basic, serial_shops,
          nicolae_shop_hallway_plus, ebering_ecumenical_altar_abandoned,
          minmay_misc_feat_encased, minmay_split_cup_small
D:2:      layout_basic, uniq_terence
D:3:      layout_loops_ring, kennysheep_pointless_box, minmay_fractal_squares_5
D:4:      layout_basic, uniq_pikel

Skill      XL: |  1  2  3  4  5 |
---------------+----------------+-----
Fighting       | 2 3 |  3.4
Stealth        | 1 2 3 4 |  4.0
Unarmed Combat | 4 |  4.4
Throwing       | |  1.8
Dodging        | |  2.4

Action                     |  1- 3 |  4- 6 || total
---------------------------+-------+-------++-------
  Melee: Unarmed           |   106 |   189 ||   295
         Bite              |    28 |    65 ||    93
         Punch             |     2 |     2 ||     4
  Throw: Throwing net      |       |     4 ||     4
         Boomerang         |       |     2 ||     2
    Use: Scroll            |       |    13 ||    13
   Stab: Sleeping          |     1 |     8 ||     9
         Held in net/web   |       |     4 ||     4
 Armour: Leather armour    |    34 |    28 ||    62
  Dodge: Dodged            |    63 |    86 ||   149
  Block: Buckler           |       |     4 ||     4

Table legend: (Time is in decaauts)
 A = Elapsed time spent in this place.
 B = Non-inter-level travel time spent in this place.
 C = Inter-level travel time spent in this place.
 D = Time resting spent in this place.
 E = Time spent auto-exploring this place.
 F = Levels seen in this place.
 G = Mean time per level.
                   A        B        C        D        E       F      G
               +--------+--------+--------+--------+--------+-----+--------+
         Total |   2723 |   2676 |     47 |    375 |   1426 |   4 |  680.8 |
       Dungeon |   2723 |   2676 |     47 |    375 |   1426 |   4 |  680.8 |
               +--------+--------+--------+--------+--------+-----+--------+

Top non-repeatable levels by time:
     D:1: 811 daAuts
     D:4: 778 daAuts
     D:3: 775 daAuts
     D:2: 358 daAuts
